 Dungeon Crawl Stone Soup version 0.21.0 (console) character file.

102 ahub the Skirmisher (level 4, -1/37 HPs)
             Began as a Demonspawn Berserker on Jan 7, 2018.
             Was a Believer of Trog.
             Slain by an iguana (7 damage)
             ... on level 2 of the Dungeon.
             The game lasted 00:03:07 (1318 turns).

ahub the Skirmisher (Demonspawn Berserker)          Turns: 1318, Time: 00:03:09

Health: -1/37      AC:  5    Str: 19    XL:     4   Next: 50%
Magic:  4/4        EV: 12    Int:  8    God:    Trog [**....]
Gold:   64         SH:  0    Dex: 12    Spells: 3/3 levels left

rFire    . . .     SeeInvis .   a - +0 mace
rCold    . . .     Gourm    .   (no shield)
rNeg     . . .     Faith    .   f - +0 leather armour
rPois    .         Spirit   .   (helmet restricted)
rElec    .         Reflect  .   (no cloak)
rCorr    .         Harm     .   (no gloves)
MR       ++...                  (no boots)
Stlth    ++........             (no amulet)
HPRegen  1.12/turn              (no ring)
MPRegen  0.09/turn              (no ring)

@: regenerating
A: antennae 1, molten scales 1, nightstalker 1
a: Berserk, Trog's Hand, Burn Spellbooks, Renounce Religion


You were on level 2 of the Dungeon.
You worshipped Trog.
Trog was pleased with you.
You were hungry.

You visited 1 branch of the dungeon, and saw 2 of its levels.

You collected 64 gold pieces.

Inventory:

Hand Weapons
 a - a +0 mace (weapon)
Armour
 f - a +0 leather armour (worn)
Scrolls
 d - 2 scrolls of identify
 e - a scroll of fear {unknown}
 j - 3 scrolls of teleportation {unknown}
 k - a scroll of remove curse {unknown}
 n - 2 scrolls of magic mapping {unknown}
 o - 3 scrolls of amnesia {unknown}
Potions
 g - 2 potions of curing {unknown}
 h - 2 potions of flight {unknown}
 i - a potion of haste {unknown}
 l - 2 potions of resistance
 m - a potion of degeneration {unknown}
Comestibles
 b - 10 chunks of flesh
 c - 5 rations


   Skills:
 + Level 3.9 Fighting
 + Level 3.7 Maces & Flails
 + Level 2.0 Armour
 + Level 2.2 Dodging
 + Level 0.7 Stealth


You had 3 spell levels left.
You didn't know any spells.

Dungeon Overview and Level Annotations

Branches:
Dungeon (2/15)

Altars:


Innate Abilities, Weirdness & Mutations

You have a pair of small antennae on your head.
You are partially covered in molten scales. (AC +2)
You are slightly more attuned to the shadows.


Message History

You are too injured to fight recklessly!
You are too injured to fight recklessly!
You are too injured to fight recklessly!
You are too injured to fight recklessly!
You are too injured to fight recklessly!
You sock the goblin!
You kill the goblin!
Trog accepts your kill. The rat barely misses you.
The iguana closely misses you.
You closely miss the rat. The rat closely misses you.
The iguana barely misses you. The rat bites you.
You hit the rat.
You kill the rat!
Trog accepts your kill. The iguana bites you!
* * * LOW HITPOINT WARNING * * *
Your skin crawls.
You feel resistant to hostile enchantments.
You are feeling hungry.
The iguana bites you!
You die...

#.###### #.#
.......###.#
.#####.....# .# #..####
.# #..# #### .## #..#
$.. #.####..# ..#
##......#########..###.
##.####......##...!..
#.# #......##)l.###.
##.# #.####.##@......
##.## ##.#.............
#.## #.....#.#########
.## #..#..#.### .#
#.[)......#
.######.......#.#
.....##.#.#.#.#.#
........#.#...........
..†..####.###.#.#.....
.##### #.....#.#.....
.# #..#....# ####


You could see an iguana.

Vanquished Creatures
  Robin (D:2)
  An adder (D:2)
  A gnoll (D:1)
  2 dart slugs (D:1)
  2 worms (D:2)
  A leopard gecko (D:1)
  5 orcs (D:2)
  4 bats
  3 giant cockroaches (D:1)
  14 goblins
  7 hobgoblins
  3 kobolds
  4 frilled lizards
  7 rats
55 creatures vanquished.

Notes
Turn   | Place    | Note
-------+----------+-------------------------------------------
     0 | D:1      | ahub the Demonspawn Berserker began the quest for the Orb.
     0 | D:1      | Reached XP level 1. HP: 18/18 MP: 1/1
    32 | D:1      | Gained mutation: You have a pair of small antennae on your head. [demonic ancestry]
    32 | D:1      | Reached XP level 2. HP: 17/24 MP: 2/2
   326 | D:1      | Gained mutation: You are slightly more attuned to the shadows. [demonic ancestry]
   326 | D:1      | Reached XP level 3. HP: 23/29 MP: 3/3
   834 | D:2      | Reached ** piety under Trog
   996 | D:2      | Noticed Robin
  1006 | D:2      | Killed Robin
  1012 | D:2      | Gained mutation: You are partially covered in molten scales. (AC +2) [demonic ancestry]
  1012 | D:2      | Reached XP level 4. HP: 37/37 MP: 4/4
  1318 | D:2      | Slain by an iguana

Skill      XL: |  1  2  3  4 |
---------------+-------------+-----
Maces & Flails | 3 |  3.7
Dodging        | 2 |  2.2
Armour         | 2 |  2.0
Fighting       | |  3.9
Stealth        | |  0.7

Action                   |  1- 3 |  4- 6 || total
-------------------------+-------+-------++-------
Melee: Mace              |   116 |    57 ||   173
Invok: Trog's Hand       |     2 |     1 ||     3
       Berserk           |     1 |       ||     1
  Use: Scroll            |     1 |       ||     1
 Stab: Sleeping          |     6 |     2 ||     8
  Eat: Chunk             |     1 |     2 ||     3
Armor: Animal skin       |     5 |       ||     5
       Leather armour    |    27 |    28 ||    55
Dodge: Dodged            |    79 |    54 ||   133
